 Dungeon Crawl Stone Soup version 0.29.1-15-g9cfb28693d (webtiles) character file.

Game seed: 13778563082249514535

261 KreenWarrior the Ducker (level 5, -4/39 HPs)
             Began as a Demonspawn Gladiator on Mar 9, 2023.
             Slain by a gnoll
             ... wielding a +0 flail
              (8 damage)
             ... on level 6 of the Dungeon on Mar 10, 2023.
             The game lasted 00:25:21 (3181 turns).

KreenWarrior the Ducker (Demonspawn Gladiator)      Turns: 3181, Time: 00:25:21

Health: -4/39      AC:  8    Str: 15    XL:     5   Next: 96%
Magic:  5/5        EV: 10    Int: 11    God:
Gold:   187        SH:  0    Dex: 14    Spells: 0/4 levels left

rFire   . . .      SeeInvis .   x - staff of earth
rCold   + . .      Faith    .   (no shield)
rNeg    . . .      Spirit   .   r - +2 scale mail {rC+}
rPois   .          Reflect  .   (helmet restricted)
rElec   .          Harm     .   (no cloak)
rCorr   +          Rampage  .   (no gloves)
Will    .....                   (no boots)
Stlth   ..........              (no amulet)
HPRegen 0.13/turn               t - ring of resist corrosion
MPRegen 0.18/turn               (no ring)

@: about to teleport
A: antennae 1, magic regeneration
a: no special abilities


You were on level 6 of the Dungeon.
You visited 1 branch of the dungeon, and saw 5 of its levels.

You collected 187 gold pieces.

Inventory:

Hand Weapons
 a - a +0 flail
 e - a +2 vorpal halberd
 k - a +1 sling of flaming
 z - a +2 rapier of draining
Missiles
 d - 2 throwing nets
 j - 14 stones
 o - a javelin
 y - 3 poisoned darts (quivered)
Armour
 b - a +0 leather armour
 c - a +0 helmet
 r - a +2 scale mail of cold resistance (worn)
Magical Staves
 x - a staff of earth (weapon)
Jewellery
 t - a ring of resist corrosion (left hand)
Scrolls
 i - a scroll of poison {unknown}
 n - 2 scrolls of enchant weapon {unknown}
 p - a scroll of noise {unknown}
 q - a scroll of vulnerability {unknown}
 s - a scroll of butterflies
 w - a scroll of magic mapping {unknown}
 A - a scroll of blinking {unknown}
Potions
 g - 2 potions of berserk rage {unknown}
 h - a potion of curing
 l - a potion of ambrosia {unknown}
 m - a potion of might
 u - 2 potions of haste {unknown}
 v - 2 potions of magic {unknown}


   Skills:
 + Level 2.4 Fighting
 + Level 3.5(3.7) Maces & Flails
 + Level 1.3(2.6) Staves
 + Level 2.3 Throwing
 + Level 2.5 Armour
 + Level 3.8 Dodging
 + Level 0.9 Stealth


You couldn't memorise any spells.
You knew the following spells:

 Your Spells              Type           Power      Damage    Failure   Level
a - Iskenderun's Mystic   Conj/Tloc      0%         2d3       100%        4

Your spell library contained the following spells:

 Spells                   Type           Power      Damage    Failure   Level
 Dazzling Flash           Conj/Hex       0%         N/A       99%         3
 Starburst                Conj/Fire      0%         6d3       100%        6


Dungeon Overview and Level Annotations

Branches:
Dungeon (6/15)
 Temple: D:4-7

Altars:
Ashenzari
Nemelex Xobeh
Ru
Yredelemnul


Innate Abilities, Weirdness & Mutations

You have a pair of small antennae on your head.
You regenerate magic rapidly.


Message History

You kill the gnoll!
The gnoll closely misses you.
You hit the gnoll but do no damage.
The gnoll is lightly wounded.
The gnoll hits you but does no damage. The gnoll misses you.
You barely miss the gnoll.
The gnoll is lightly wounded.
The gnoll misses you. The gnoll barely misses you.
The gnoll hits you from afar with a +0 spear.
* * * LOW HITPOINT WARNING * * *
The gnoll attacks as you move away! The gnoll completely misses you.
There is an open door here.
You hit the gnoll.
The gnoll is moderately wounded.
The gnoll hits you from afar with a +0 spear.
* * * LOW HITPOINT WARNING * * *
The gnoll hits you with a +0 flail.
* * * LOW HITPOINT WARNING * * *
You feel better.
The gnoll hits you from afar with a +0 spear.
* * * LOW HITPOINT WARNING * * *
The gnoll closely misses you. The gnoll attacks as you move away!
The gnoll hits you with a +0 flail!
* * * LOW HITPOINT WARNING * * *
You feel better. The gnoll hits you but does no damage.
The gnoll hits you from afar with a +0 spear.
* * * LOW HITPOINT WARNING * * *
You feel better. The gnoll hits you but does no damage.
The gnoll closely misses you.
You hit the gnoll.
The gnoll is moderately wounded.
The gnoll hits you from afar with a +0 spear!
* * * LOW HITPOINT WARNING * * *
The gnoll barely misses you.
The gnoll hits you from afar with a +0 spear.
* * * LOW HITPOINT WARNING * * *
As you read the scroll of teleportation, it crumbles to dust.
You feel strangely unstable. The gnoll closely misses you.
The gnoll hits you with a +0 flail!
You die...

....# #......# ....##
#......####### #....#
#...........# #....#
#...........# #....#
#...........#
#...(####...........######
.....(......##'#.........#
............'..#.........#
.......(....#.g'@.......<#
........(g..#.g#g........#####
####....#'###..######........#
#....#..)#...# #........#
#....#...'...# #........#
#....######### #........#
###### ##########


You could see 3 gnolls.

Vanquished Creatures
  A necrophage (D:3)
  8 gnolls
  5 adders
  4 dart slugs
  2 orcs
  12 ball pythons
  3 endoplasms
  3 giant cockroaches
  6 hobgoblins
  2 jackals (D:3)
  8 kobolds
  5 quokkas
  2 bats
  9 goblins
  6 rats
76 creatures vanquished.

Vanquished Creatures (others)
  A plant (D:1)
1 creature vanquished.

Grand Total: 77 creatures vanquished

Notes
Turn   | Place    | Note
-------+----------+-------------------------------------------
     0 | D:1      | KreenWarrior the Demonspawn Gladiator began the quest for
                  | the Orb.
     0 | D:1      | Reached XP level 1. HP: 16/16 MP: 1/1
   237 | D:1      | Gained mutation: You regenerate magic rapidly. [demonic
                  | ancestry]
   237 | D:1      | Reached XP level 2. HP: 19/22 MP: 2/2
   539 | D:1      | Gained mutation: You have a pair of small antennae on your
                  | head. [demonic ancestry]
   539 | D:1      | Reached XP level 3. HP: 13/27 MP: 3/3
  1057 | D:2      | Found a faded altar of an unknown god.
  1418 | D:2      | Reached skill level 1 in Armour
  2015 | D:3      | Reached XP level 4. HP: 33/33 MP: 4/4
  2151 | D:3      | Found a basalt altar of Yredelemnul.
  2186 | D:3      | Noticed a necrophage
  2188 | D:3      | Reached XP level 5. HP: 21/38 MP: 5/5
  2253 | D:3      | Reached skill level 1 in Staves
  2395 | D:3      | Found a sparkling altar of Nemelex Xobeh.
  2396 | D:3      | Found a sacrificial altar of Ru.
  2397 | D:3      | Found a broken altar of Ashenzari.
  2594 | D:3      | Learned a level 4 spell: Iskenderun's Mystic Blast
  3077 | D:4      | You fall into a shaft and drop 2 floors!
  3181 | D:6      | Slain by a gnoll

Illustrated notes

Levels and vault maps discovered:
D:1:      dpeg_arrival_rhombi, layout_basic, hangedman_feature_mirror,
          minmay_shallow_snake_nest
D:2:      layout_loops_ring, hellmonk_ecumenical_altar_heavens_door
D:3:      layout_rooms, mainiacjoe_overflow_paths, minitemple
D:4:      layout_rooms, lemuel_doored_altar, fedhas_altar_fruit_tree,
          portal_sewer_entry_b
D:6:      layout_gridville, amcnicky_altar_gilded

Skill      XL: |  1  2  3  4  5 |
---------------+----------------+-----
Dodging        | 3 |  3.8
Maces & Flails | 3 |  3.5
Throwing       | 2 |  2.3
Armour         | 1 2 |  2.5
Staves         | 1 |  1.3
Fighting       | |  2.4
Stealth        | |  0.9

Action                   |  1- 3 |  4- 6 || total
-------------------------+-------+-------++-------
Melee: Flail             |   103 |       ||   103
       Staff             |    37 |   174 ||   211
       Punch             |     1 |       ||     1
Throw: Javelin           |     2 |     2 ||     4
       Stone             |    15 |     1 ||    16
       Throwing net      |     1 |     3 ||     4
       Dart              |       |    14 ||    14
  Use: Scroll            |     2 |     5 ||     7
       Potion            |       |     6 ||     6
Armor: Leather armour    |    14 |       ||    14
       Scale mail        |    31 |   101 ||   132
Dodge: Dodged            |   100 |   147 ||   247
